Map: Ulrena

Players

Polt - Winner!

  • Race: Terran Terran

Elazer

  • Race: Zerg Zerg

Event: DreamHack Open Tours WCS Spring Championship

VOD

Have the link to the VOD?

Description

Time

  • Played on: May 15, 2016, 11:52 a.m.
  • Length: 6:03

All games in this series

Show
View Real Time Build Order
Export as new Build Order

Polt Terran - Winner!

Build Orders:  

Get SALT Encoding   

  12  0:00  SCV  
  13  0:13  SCV  
  14  0:17  Supply Depot  
  14  0:25  SCV  
  15  0:39  SCV, Barracks  
  16  0:51  SCV  
  16  0:54  Barracks  
  17  1:03  SCV  
  18  1:07  Barracks  
  18  1:15  SCV  
  19  1:19  Supply Depot  
  19  1:26  Marine  
  20  1:34  Orbital Command  
  20  1:41  Marine  
  20  1:44  Marine  
  22  1:48  Bunker  
  22  1:54  Marine  
  22  1:58  Marine  
  25  2:01  SCV  
  25  2:02  Marine  
  26  2:12  Bunker  
  26  2:14  Marine  
  27  2:16  Marine  
  27  2:18  SCV  
  27  2:19  Marine  
  30  2:29  Supply Depot  
  30  2:34  Refinery x2  
  30  2:46  SCV  
  30  2:50  Marine x3  
  34  2:58  Supply Depot, SCV  
  35  3:10  SCV  
  35  3:11  Supply Depot  
  36  3:17  Marine x2, Barracks Tech Lab  
  38  3:22  SCV  
  39  3:38  SCV  
  39  3:39  Factory  
  40  3:45  Stimpack  
  40  3:48  Marine x3  
  43  4:06  Marine x3  
  45  4:11  Supply Depot  
  45  4:26  Marine x3  
  45  4:27  Starport  
  45  4:28  Factory Tech Lab  
  47  4:44  Marine x3  
  47  4:45  SCV  
  51  4:46  Siege Tank  
  54  5:02  Marine x3  
  54  5:04  Medivac  
  59  5:20  Marine x3  
  62  5:24  Siege Tank  
  62  5:25  Supply Depot  
  62  5:27  Supply Depot  
  55  5:40  Marine x3  
Show
View Real Time Build Order
Export as new Build Order

Elazer Zerg 

Build Orders: Hatch First, Ravager All-In 

Get SALT Encoding   

  12  0:00  Drone  
  13  0:12  Overlord  
  13  0:18  Drone  
  14  0:31  Drone x2  
  14  0:35  Drone  
  17  0:52  Hatchery  
  17  0:55  Drone  
  17  0:58  Drone  
  18  1:09  Extractor  
  17  1:13  Spawning Pool  
  17  1:15  Drone  
  17  1:19  Drone  
  18  1:28  Drone  
  19  1:39  Overlord  
  19  1:59  Queen  
  19  2:00  Zergling x2  
  22  2:04  Roach Warren  
  22  2:05  Zergling x2  
  22  2:07  Queen  
  24  2:18  Drone x2  
  24  2:20  Extractor  
  25  2:27  Drone  
  26  2:34  Drone  
  27  2:43  Overlord  
  27  2:55  Roach  
  27  3:06  Roach x2  
  27  3:07  Roach x2  
  35  3:18  Overlord  
  37  3:20  Ravager  
  38  3:33  Ravager  
  36  3:35  Ravager  
  36  3:38  Drone x2  
  36  3:39  Roach x2  
  43  3:41  Overlord  
  43  3:43  Ravager  
  44  3:54  Ravager  
  45  3:59  Queen  
  45  4:01  Drone  
  48  4:09  Ravager  
  49  4:13  Drone  
  49  4:14  Drone  
  50  4:24  Drone x2  
  52  4:34  Drone  
  52  4:36  Hatchery  
  52  4:41  Overlord  
  52  4:46  Drone  
  53  4:57  Overlord  
  47  5:08  Overlord  
  47  5:10  Drone x2  
  41  5:23  Drone  
  41  5:24  Drone  
  43  5:32  Hatchery  
  40  5:40  Drone  
  41  5:44  Drone  

Tags
 
Add a new tag
Caveats
  • Supply blocks, unpowered buildings, or Contaminate may cause inaccurate times.
  • Supply counts are checked every 10 seconds.